 Dungeon Crawl Stone Soup version 0.23.0-3-gf3c87f2df8 (webtiles) character file.

Game seed: 7624620284229149517

65066 EnegeticOcto the Severer (level 14, -4/135 HPs)
             Began as a Deep Dwarf Fighter on Feb 22, 2019.
             Was the Champion of Makhleb.
             Slain by a spriggan rider
             ... wielding a +0 spear
              (16 damage)
             ... on level 1 of the Swamp.
             The game lasted 00:49:24 (19540 turns).

EnegeticOcto the Severer (Deep Dwarf Fighter)      Turns: 19540, Time: 00:49:24

Health: -4/135     AC: 17    Str: 27    XL:     14   Next: 74%
Magic:  1/1        EV:  5    Int: 17    God:    Makhleb [******]
Gold:   1189       SH: 14    Dex: 14    Spells: 13/13 levels left

rFire    . . .     SeeInvis .   v - +0 war axe (flame)
rCold    . . .     Gourm    .   c - +0 shield
rNeg     + . .     Faith    .   k - +0 chain mail {rPois}
rPois    +         Spirit   .   P - +0 hat
rElec    .         Reflect  .   u - +0 cloak
rCorr    .         Harm     .   B - +3 pair of gauntlets of War {Slay+5}
MR       ++...     NoTele   +   (no boots)
Stlth    ..........             (no amulet)
HPRegen  0.00/turn              M - -3 ring of evasion (curse)
MPRegen  0.07/turn              p - ring of Doors {-Tele AC+1 Str+7 Int+3 Dex+2}

@: lethally poisoned (-4 -> -4), non-regenerating, studying Throwing
A: damage resistance, heal wounds, negative energy resistance 1, sense
surroundings 2, no regeneration
a: Heal Wounds, Minor Destruction, Lesser Servant of Makhleb, Major Destruction,
Greater Servant of Makhleb, Renounce Religion


You were on level 1 of the Swamp.
You worshipped Makhleb.
Makhleb was exalted by your worship.
You were not hungry.

You visited 5 branches of the dungeon, and saw 23 of its levels.
You visited 1 bazaar.
You also visited: Sewer and Gauntlet.

You collected 2077 gold pieces.
You spent 888 gold pieces at shops.

Inventory:

Hand Weapons
 l - the +4 hand axe of the Elven Halls {pain, rPois Str+4}
   (You bought it in a shop in a bazaar)

   In the hands of one skilled in necromantic magic, it inflicts extra damage on
   living creatures.
   It affects your strength (+4).
   It protects you from poison.
 v - a +0 war axe of flaming (weapon)
Armour
 c - a +0 shield (worn)
 k - a +0 chain mail of poison resistance (worn)
 u - a +0 cloak (worn)
 B - the +3 pair of gauntlets of War (worn) {Slay+5}
   (You found it in a Gauntlet)

   It affects your accuracy and damage with ranged weapons and melee attacks
   (+5).
 P - a +0 hat (worn)
Jewellery
 b - the ring "Muyshuh" {Wiz MR+ Str+2}
   (You found it in a Gauntlet)

   [ring of wizardry]

   It improves your spell success rate.
   It affects your strength (+2).
   It affects your resistance to hostile enchantments.
 p - the ring of Doors (right hand) {-Tele AC+1 Str+7 Int+3 Dex+2}
   (You found it in a Gauntlet)

   [ring of protection]

   It affects your AC (+1).
   It affects your strength (+7).
   It affects your intelligence (+3).
   It affects your dexterity (+2).
   It prevents most forms of teleportation.
 M - a cursed -3 ring of evasion (left hand)
Wands
 y - a wand of digging (2)
 E - a wand of scattershot (1)
 K - a wand of flame (60)
 T - a wand of iceblast (10)
 W - a wand of polymorph (12)
Scrolls
 a - a scroll of torment {unknown}
 i - a scroll of brand weapon {unknown}
 j - 2 scrolls of blinking {unknown}
 m - 4 scrolls of vulnerability {unknown}
 o - 17 scrolls of remove curse {unknown}
 s - 9 scrolls of teleportation {unknown}
 t - 21 scrolls of identify {unknown}
 x - 3 scrolls of random uselessness {unknown}
 z - 4 scrolls of fog {unknown}
 A - 3 scrolls of noise {unknown}
 C - 7 scrolls of immolation {unknown}
 D - 3 scrolls of fear {unknown}
 N - a scroll of summoning {unknown}
 O - a scroll of enchant weapon {unknown}
 Q - a scroll of amnesia {unknown}
 U - 2 scrolls of magic mapping {unknown}
 V - 7 scrolls of enchant armour {unknown}
Potions
 d - a potion of might {@q3 !q}
 g - 5 potions of lignification
 h - 9 potions of heal wounds {unknown}
 n - 8 potions of curing {unknown}
 q - 9 potions of flight {unknown}
 w - 3 potions of magic {unknown}
 F - 9 potions of degeneration {unknown}
 H - a potion of agility {unknown}
 J - 3 potions of ambrosia {unknown}
 R - 4 potions of haste {unknown}
 Y - 2 potions of resistance {unknown}
 Z - a potion of invisibility {unknown}
Books
 e - a manual of Throwing
Miscellaneous
 X - 2 sacks of spiders
Comestibles
 f - 23 rations
 r - 3 chunks of flesh


   Skills:
 + Level 11.3 Fighting
 - Level 16.0 Axes
 - Level 8.4 Armour
 + Level 13.0 Shields
 - Level 14.0 Invocations
 - Level 6.0 Evocations


You had 13 spell levels left.
You didn't know any spells.
Your spell library contained the following spells:

 Spells                   Type           Power        Failure   Level  Hunger
 Apportation              Tloc           #.....       82%         1    ##.....
 Beastly Appendage        Tmut           #.....       82%         1    ##.....
 Confusing Touch          Hex            #.....       82%         1    ##.....
 Summon Butterflies       Summ           #.......     82%         1    ##.....
 Poisonous Vapours        Pois/Air       #.....       91%         2    ###....
 Sticks to Snakes         Tmut           #.......     91%         2    ###....
 Confuse                  Hex            #.......     99%         3    ####...
 Conjure Flame            Conj/Fire      #.......     99%         3    ####...
 Gell's Gravitas          Tloc           #.........   99%         3    ####...
 Lesser Beckoning         Tloc           #.........   99%         3    ####...
 Mephitic Cloud           Conj/Pois/Air  #.......     99%         3    ####...
 Spider Form              Tmut/Pois      #.........   99%         3    ####...
 Tukima's Dance           Hex            #.......     99%         3    ####...
 Ice Form                 Ice/Tmut       #.......     100%        4    #####..
 Petrify                  Tmut/Erth      #.......     100%        4    #####..
 Alistair's Intoxication  Tmut/Pois      #.......     100%        5    ######.
 Blade Hands              Tmut           #.........   100%        5    ######.
 Metabolic Englaciation   Hex/Ice        #.........   100%        5    ######.
 Yara's Violent Unravell  Hex/Tmut       #.........   100%        5    ######.
 Bolt of Cold             Conj/Ice       #.........   100%        6    #######
 Freezing Cloud           Conj/Ice/Air   #.........   100%        6    #######
 Invisibility             Hex            #.......     100%        6    #######
 Ozocubu's Refrigeration  Ice            #.........   100%        6    #######
 Simulacrum               Ice/Necr       #.........   100%        6    #######
 Ring of Flames           Chrm/Fire      #.........   100%        7    #######


Dungeon Overview and Level Annotations

Branches:
Dungeon (14/15)            Temple (1/1) D:7            Lair (5/6) D:9
  Swamp (1/4) Lair:3       Spider (0/4) Lair:3          Orc (2/2) D:9
    Elf (0/3) Orc:2
  Slime: Lair:5-6    Vaults: D:13-14

Altars:
Ashenzari
Cheibriados
Dithmenos
Elyvilon
Fedhas
Gozag
Hepliaklqana
Kikubaaqudgha
Makhleb
Okawaru
Qazlal
Ru
Sif Muna
Trog
Uskayaw
Vehumet
Wu Jian
Xom
Yredelemnul
Zin
The Shining One
Beogh

Shops:
D:10 (}!*(   Orc:2 (

Annotations:
Lair:4 1 runed translucent door, YM2612's ghost, journeyman FoHu
Orc:2 exclusion: door


Innate Abilities, Weirdness & Mutations

You are resistant to damage.
You can heal yourself by infusing magical energy.
You resist negative energy. (rN+)
You passively map the area around you.
You do not regenerate.


Message History

The flames covering the spriggan go out.
The spriggan stops burning.
Your balrug hits the spriggan with a +1 demon whip of venom.
The spriggan dies!
Makhleb accepts your kill.
You hear a splash. x2
The spriggan rider hits you with a +0 spear.
* * * LOW HITPOINT WARNING * * *
Your balrug misses the spriggan rider. You barely miss the spriggan rider.
The spriggan rider hits you with a +0 spear!!
* * * LOW HITPOINT WARNING * * *
Your balrug hits the spriggan rider with a +1 demon whip of venom!
The spriggan rider is engulfed in flames!!
You fail to use your ability.
Your balrug hits the spriggan rider with a +1 demon whip of venom.
The spriggan rider is engulfed in flames!
The spriggan rider is poisoned.
The spriggan rider hits you with a +0 spear!!
You die...

, .....≈≈.≈≈.≈≈≈...♣
♣≈..≈≈≈≈
,≈♣..≈≈≈.≈♣.≈≈≈..≈♣♣.....≈≈≈
*
.........♣♣♣..♣♣♣♣♣♣...≈≈≈≈
, ≈≈≈.≈≈≈≈...≈♣♣♣♣♣
♣....≈≈≈≈ , ≈≈§≈≈≈....♣♣♣
*♣≈.≈≈≈≈≈. , ≈≈≈.≈≈≈......♣
....♣.≈.. *,, ≈≈..≈♣♣≈..†.♣
,, ♣♣♣♣ * , ....≈♣♣♣2i.♣♣ *
, , ≈......≈†§@≈♣♣ *
≈≈.....♣♣.≈≈.♣♣♣♣* ** , ≈ **
≈≈≈.≈♣♣♣≈.≈≈.(... ≈ , ≈ * ≈$
♣♣≈≈≈≈≈≈≈≈. ≈ *≈ ≈**
♣♣..≈≈≈≈≈. ≈ ≈ ≈ ♣♣..≈≈... ,
, ≈ * , ♣.[...≈ , ♣♣♣♣♣♣ * *


You could see a spriggan rider and a friendly balrug.

Vanquished Creatures
  Gastronok (Lair:1)
  A minotaur (Gauntlet)
  Snorg (Orc:1)
  3 hydras
  A centaur warrior (D:14)
  2 catoblepae
  2 alligators (Swamp:1)
  A death yak (Lair:5)
  A tengu warrior (D:14)
  5 two-headed ogres
  Urug (D:11)
  An orc high priest (Orc:2)
  2 unseen horrors
  Pikel (D:6)
  3 orc knights
  2 wolf spiders (Lair:3)
  11 ugly things
  A cyclops (D:12)
  4 orc sorcerers (Orc:2)
  A manticore (D:14)
  3 black mambas
  12 elephants
  Maurice (Orc:2)
  4 torpor snails
  3 centaur skeletons
  3 spiny frogs
  8 komodo dragons
  A queen bee (Lair:2)
  A jumping spider (Lair:3)
  4 trolls
  A polar bear (Lair:4)
  A wolf spider simulacrum (Gauntlet)
  10 blink frogs
  4 slime creatures (D:13)
  7 hippogriffs
  A meliai zombie (D:12)
  A large abomination (Gauntlet)
  A redback (Lair:3)
  3 centaur simulacra
  A wraith (D:14)
  A shadow (D:11)
  20 yaks
  2 wyverns
  A basilisk (Lair:5)
  A hungry ghost (D:12)
  2 wargs
  A steam dragon (D:11)
  3 swamp worms (Swamp:1)
  Edmund (D:6)
  An acid dragon (D:11)
  4 porcupines
  A soldier ant (D:12)
  9 water moccasins
  37 orc warriors
  2 sky beasts
  3 ice beasts
  3 black bears
  4 phantoms
  An ice dragon simulacrum (Gauntlet)
  27 ogres
  9 centaurs
  9 wolves
  11 crocodiles
  A big kobold (Sewer)
  Blork the orc (D:5)
  12 bullfrogs
  A wyvern skeleton (D:14)
  5 scorpions
  81 killer bees
  4 wights (D:11)
  3 electric eels (Lair:4)
  3 howler monkeys
  6 crimson imps
  4 bullfrog zombies
  A centaur zombie (D:11)
  24 orc priests
  2 jellies
  2 gnoll shamans
  8 hounds
  3 bullfrog skeletons
  An iron imp (D:6)
  19 orc wizards
  Natasha (thrice) (D:3)
  Terence (D:3)
  4 iguanas
  A hell rat (Lair:2)
  12 worker ants
  A hound skeleton (D:9)
  A mummy (D:7)
  A howler monkey zombie (D:7)
  A howler monkey skeleton (D:7)
  A worker ant zombie (D:11)
  14 gnolls
  14 adders
  2 river rats (Sewer)
  3 shadow imps
  3 oozes (D:2)
  2 adder skeletons
  3 worms
  2 dart slugs (D:2)
  7 leopard geckos
  131 orcs
  10 giant cockroaches
  15 goblins
  4 hobgoblins
  A jackal (Sewer)
  3 quokkas
  3 ball pythons
  A ball python skeleton (D:5)
  8 bats
  A frilled lizard (D:1)
  2 hobgoblin zombies (D:7)
  7 kobolds
  A kobold zombie (D:7)
  A leopard gecko skeleton (D:5)
  An orc zombie (D:7)
  A quokka skeleton (D:4)
  12 rats
  A fungus (Lair:5)
728 creatures vanquished.

Vanquished Creatures (collateral kills)
  2 hydras
  An alligator (Swamp:1)
  2 hornets (Swamp:1)
  2 spriggans (Swamp:1)
  2 yaks (Lair:2)
  A water moccasin (Lair:2)
  2 wolves (Lair:2)
  A bullfrog (Lair:3)
  3 killer bees (Lair:2)
  A hound (D:11)
  2 orc wizards (Orc:1)
  A fungus (Lair:3)
20 creatures vanquished.

Vanquished Creatures (others)
  An orc (D:8)
  4 fungi (Lair:5)
  9 plants (Lair:5)
14 creatures vanquished.

Grand Total: 762 creatures vanquished

Notes
Turn   | Place    | Note
-------+----------+-------------------------------------------
     0 | D:1      | EnegeticOcto the Deep Dwarf Fighter began the quest for the
                  | Orb.
     0 | D:1      | Reached XP level 1. HP: 20/20 MP: 1/1
   213 | D:1      | Reached XP level 2. HP: 22/27 MP: 2/2
   594 | D:2      | Found an ancient bone altar of Kikubaaqudgha.
   594 | D:2      | Found an opulent altar of Gozag.
   599 | D:2      | Found a faded altar of an unknown god.
   601 | D:2      | Found a shattered altar of Ashenzari.
   602 | D:2      | Found a faded altar of an unknown god.
   661 | D:2      | Reached skill level 3 in Axes
   661 | D:2      | Reached XP level 3. HP: 26/33 MP: 3/3
   672 | D:2      | Found a glowing silver altar of Zin.
  1020 | D:2      | Reached XP level 4. HP: 31/42 MP: 3/3
  1584 | D:3      | Noticed Natasha
  1594 | D:3      | Killed Natasha
  1594 | D:3      | Reached skill level 4 in Axes
  1594 | D:3      | Reached XP level 5. HP: 46/49 MP: 4/4
  1671 | D:3      | Noticed Natasha
  1685 | D:3      | Killed Natasha
  1774 | D:3      | Noticed Natasha
  1784 | D:3      | Killed Natasha
  1812 | D:3      | Noticed Terence
  1825 | D:3      | Killed Terence
  2042 | D:4      | Reached XP level 6. HP: 37/57 MP: 5/5
  2105 | D:4      | Reached skill level 5 in Axes
  2211 | D:4      | Reached XP level 7. HP: 47/64 MP: 6/6
  2240 | D:4      | Found a glowing drain.
  2255 | Sewer    | Entered a sewer
  2370 | Sewer    | Reached skill level 5 in Armour
  2370 | Sewer    | Reached skill level 5 in Shields
  2575 | Sewer    | Found a white marble altar of Elyvilon.
  2787 | D:4      | Reached skill level 6 in Axes
  3077 | D:5      | Entered Level 5 of the Dungeon
  3275 | D:5      | Noticed Blork the orc
  3288 | D:5      | Killed Blork the orc
  3327 | D:5      | Reached XP level 8. HP: 60/73 MP: 6/6
  3343 | D:5      | Reached skill level 7 in Axes
  3368 | D:5      | Reached skill level 5 in Fighting
  3438 | D:5      | Found a shadowy altar of Dithmenos.
  3617 | D:5      | Found a deep blue altar of Sif Muna.
  3705 | D:6      | Noticed Edmund
  3722 | D:6      | Killed Edmund
  3731 | D:6      | Found a stormy altar of Qazlal.
  3776 | D:6      | Reached skill level 8 in Axes
  3903 | D:6      | Gained mutation: You passively map the area around you.
                  | [Deep Dwarf growth]
  3903 | D:6      | Reached XP level 9. HP: 60/81 MP: 6/6
  3916 | D:6      | Found a snail-covered altar of Cheibriados.
  4053 | D:6      | Noticed Pikel
  4079 | D:6      | Killed Pikel
  4079 | D:6      | Reached skill level 9 in Axes
  4538 | D:7      | Found a staircase to the Ecumenical Temple.
  4566 | Temple   | Entered the Ecumenical Temple
  4605 | Temple   | Became a worshipper of Makhleb the Destroyer
  4729 | D:7      | Reached skill level 10 in Axes
  4729 | D:7      | Reached skill level 1 in Invocations
  4941 | D:7      | Found a bloodstained altar of Trog.
  4942 | D:7      | Found an iron altar of Okawaru.
  4980 | D:7      | Found a hazy altar of Hepliaklqana.
  5371 | D:8      | Reached * piety under Makhleb
  5374 | D:8      | Reached XP level 10. HP: 70/92 MP: 5/5
  6163 | D:9      | Noticed a two-headed ogre
  6169 | D:9      | Killed a two-headed ogre
  6169 | D:9      | Reached skill level 5 in Invocations
  6213 | D:9      | Found a staircase to the Lair.
  6250 | D:9      | Found a hide-covered altar of Uskayaw.
  6530 | D:9      | Reached ** piety under Makhleb
  6597 | D:9      | Found a staircase to the Orcish Mines.
  6599 | D:9      | Reached skill level 11 in Axes
  6763 | D:10     | Entered Level 10 of the Dungeon
  6763 | D:10     | Found Jaogunolel's Gadget Shop.
  6778 | D:10     | Bought a wand of scattershot (7) for 429 gold pieces
  6778 | D:10     | Bought a wand of paralysis (6) for 104 gold pieces
  6863 | D:10     | Found Ruihyl's Assorted Antiques.
  6874 | D:10     | Found Xom Qarr's Antique Weapon Emporium.
  6942 | D:10     | Reached skill level 1 in Evocations
  6978 | D:10     | Found Etiyb's Antique Weapon Boutique.
  7046 | D:10     | Found Nyim's Distillery.
  7301 | Lair:1   | Entered Level 1 of the Lair of Beasts
  7301 | Lair:1   | Noticed a five-headed hydra
  7305 | Lair:1   | Killed a five-headed hydra
  7305 | Lair:1   | Reached XP level 11. HP: 77/100 MP: 5/7
  7405 | Lair:1   | Noticed Gastronok
  7423 | Lair:1   | Killed Gastronok
  8075 | Lair:1   | Reached *** piety under Makhleb
  8081 | Lair:1   | Found a snail-covered altar of Cheibriados.
  8249 | Lair:1   | Reached skill level 12 in Axes
  8656 | Lair:2   | Reached skill level 5 in Evocations
  8874 | Lair:2   | Reached **** piety under Makhleb
  8878 | Lair:2   | Reached XP level 12. HP: 84/110 MP: 10/10
  9177 | Lair:2   | Found a burning altar of Makhleb.
  9209 | Lair:2   | Noticed a five-headed hydra
  9217 | Lair:2   | Killed a five-headed hydra
  9217 | Lair:2   | Reached skill level 10 in Invocations
  9513 | Lair:3   | Found a burning altar of Makhleb.
  9627 | Lair:3   | Noticed an eight-headed hydra
  9636 | Lair:3   | Killed an eight-headed hydra
  9664 | Lair:3   | Noticed a catoblepas
  9674 | Lair:3   | Killed a catoblepas
  9736 | Lair:3   | Found a staircase to the Swamp.
  9877 | Lair:3   | Found a hole to the Spider Nest.
  9908 | Lair:3   | Reached skill level 13 in Axes
 10016 | Lair:3   | Found the +9 staff of Wucad Mu {channel}
 10567 | Lair:4   | Found a runed translucent door.
 10567 | Lair:4   | Found a shimmering altar of Xom.
 10567 | Lair:4   | Noticed YM2612's ghost (journeyman FoHu)
 10697 | Lair:4   | Reached skill level 10 in Shields
 11532 | Lair:5   | Noticed a death yak
 11559 | Lair:5   | Killed a death yak
 11645 | Lair:5   | Reached XP level 13. HP: 86/121 MP: 7/7
 11734 | Lair:5   | Reached ***** piety under Makhleb
 11787 | Lair:5   | Reached skill level 14 in Axes
 12975 | D:11     | Noticed Urug
 13005 | D:11     | Killed Urug
 13117 | D:11     | Noticed Sonja
 13123 | D:11     | Noticed Sonja
 13123 | D:11     | Sonja changed into Sonja the big kobold
 13125 | D:11     | Noticed Sonja
 13125 | D:11     | Sonja the big kobold changed into Sonja the steam dragon
 13134 | D:11     | Killed Sonja the steam dragon
 14006 | D:12     | Reached ****** piety under Makhleb
 14415 | D:13     | Found a gate leading to a gauntlet.
 14420 | Gauntlet | Entered a Gauntlet
 14420 | Gauntlet | Found a transporter.
 14420 | Gauntlet | Found a transporter.
 14424 | Gauntlet | Found a transporter.
 14424 | Gauntlet | Found a transporter.
 14433 | Gauntlet | Found a transporter.
 14454 | Gauntlet | Found a transporter.
 14459 | Gauntlet | Found a transporter.
 14462 | Gauntlet | Found a transporter.
 14486 | Gauntlet | Found a transporter.
 14493 | Gauntlet | Found a transporter.
 14505 | Gauntlet | Found a transporter.
 14523 | Gauntlet | Found a transporter.
 14569 | Gauntlet | Found a transporter.
 14583 | Gauntlet | Found a transporter.
 14584 | Gauntlet | Found the macabre finger necklace {rN+}
 14684 | Gauntlet | Found a transporter.
 14698 | Gauntlet | Found a transporter.
 14935 | Gauntlet | Got a flickering pewter ring
 14945 | Gauntlet | Reached skill level 15 in Axes
 14988 | Gauntlet | Identified the ring "Muyshuh" {Wiz MR+ Str+2} (You found it
                  | in a Gauntlet)
 14991 | Gauntlet | Got a clouded wooden ring
 14993 | Gauntlet | Identified the ring of Doors {-Tele AC+1 Str+7 Int+3 Dex+2}
                  | (You found it in a Gauntlet)
 15031 | Gauntlet | Noticed a minotaur
 15054 | Gauntlet | Killed a minotaur
 15071 | Gauntlet | Found the +3 pair of gauntlets of War {Slay+5}
 15229 | D:13     | Found a flickering gateway to a bazaar.
 15254 | Bazaar   | Entered a bazaar
 15254 | Bazaar   | Found Jafyfup's Assorted Antiques.
 15254 | Bazaar   | Found Enawecva's Antique Weapon Shop.
 15254 | Bazaar   | Found Gyrisuk's General Store.
 15263 | Bazaar   | Bought a potion of lignification for 36 gold pieces
 15265 | Bazaar   | Bought a large shield for 99 gold pieces
 15265 | Bazaar   | Bought a slimy hand axe for 176 gold pieces
 15265 | Bazaar   | Bought a scroll labeled JAODIH UVAH for 22 gold pieces
 15265 | Bazaar   | Bought a scroll labeled DUIZIM FOTU for 22 gold pieces
 15285 | Bazaar   | Identified the +4 hand axe of the Elven Halls {pain, rPois
                  | Str+4} (You bought it in a shop in a bazaar)
 15724 | D:14     | Gained mutation: You resist negative energy. (rN+) [Deep
                  | Dwarf growth]
 15724 | D:14     | Reached XP level 14. HP: 92/130 MP: 3/3
 15936 | D:14     | Found a blossoming altar of Fedhas.
 16121 | D:14     | Reached skill level 10 in Fighting
 17245 | Orc:1    | Entered Level 1 of the Orcish Mines
 17263 | Orc:1    | Noticed Snorg
 17285 | Orc:1    | Killed Snorg
 17697 | Orc:2    | Entered Level 2 of the Orcish Mines
 17709 | Orc:2    | Reached skill level 16 in Axes
 18119 | Orc:2    | Found a staircase to the Elven Halls.
 18453 | Orc:2    | Found a roughly hewn altar of Beogh.
 18487 | Orc:2    | Paralysed by an orc sorcerer for 6 turns
 18581 | Orc:2    | Found Bajewn's Antique Weapon Emporium.
 18664 | Orc:2    | Noticed Maurice
 18865 | Orc:2    | Killed Maurice
 19404 | Swamp:1  | Entered Level 1 of the Swamp
 19535 | Swamp:1  | HP: 1/135 [spriggan rider/+0 spear (10)]
 19540 | Swamp:1  | Slain by a spriggan rider

Skill      XL: |  1  2  3  4  5  6  7  8  9 10 11 12 13 14 |
---------------+-------------------------------------------+-----
Axes           | 3 4 5 6 8 10 11 12 13 15 16 | 16.0
Fighting       | 3 4 5 6 7 8 9 11 | 11.3
Armour         | 4 5 6 7 8 |  8.4
Shields        | 4 5 6 7 8 9 10 11 13 | 13.0
Invocations    | 2 6 9 12 14 | 14.0
Evocations     | 2 5 6 |  6.0

Action                   |  1- 3 |  4- 6 |  7- 9 | 10-12 | 13-15 || total
-------------------------+-------+-------+-------+-------+-------++-------
Melee: War axe           |   114 |   148 |   582 |  1299 |   882 ||  3025
       Hand axe          |       |       |       |       |   413 ||   413
Throw: Throwing net      |       |       |       |       |     1 ||     1
Invok: Lesser Servant of |       |       |       |     6 |    14 ||    20
       Minor Destruction |       |       |       |     1 |       ||     1
       Major Destruction |       |       |       |       |     2 ||     2
       Greater Servant o |       |       |       |       |     2 ||     2
 Abil: Heal Wounds       |     1 |     5 |    21 |    26 |    17 ||    70
Evoke: Wand              |       |       |       |    29 |    22 ||    51
 Stab: Paralysed         |       |       |       |     8 |       ||     8
       Distracted        |       |       |       |     5 |       ||     5
  Eat: Chunk             |     1 |     4 |    11 |    23 |    18 ||    57
       Ration            |       |       |       |       |     3 ||     3
Armor: Scale mail        |    43 |    64 |   208 |    85 |       ||   400
       Plate armour      |       |       |       |   556 |   618 ||  1174
       Chain mail        |       |       |       |       |    29 ||    29
Dodge: Dodged            |    37 |    47 |   190 |   345 |   310 ||   929
Block: Shield            |    55 |    74 |   312 |   886 |   823 ||  2150
